 Dungeon Crawl Stone Soup version 0.29.1-15-g9cfb28693d (webtiles) character file.

Game seed: 15263785090897501949

1894 hawla the Grave Robber (level 9, 0/93 HPs)
             Began as a Meteoran Fire Elementalist on Feb 21, 2023.
             Was an Initiate of Vehumet.
             Succumbed to a gnoll sergeant's poison
             ... on level 7 of the Dungeon.
             The game lasted 00:09:14 (1780 turns).

hawla the Grave Robber (Meteoran Fire Elementalist) Turns: 1780, Time: 00:09:14

Health: 0/93       AC: 24    Str: 11    XL:     9   Next: 64%
Magic:  16/26      EV:  2    Int: 20    God:    Vehumet [......]
Gold:   187        SH:  0    Dex: 21    Spells: 6/18 levels left

rFire   . . .      SeeInvis .   m - +11 falchion "Caifock" {freeze, *Slow rElec rC+}
rCold   + . .      Faith    .   (no shield)
rNeg    . . .      Spirit   .   (body armour currently unavailable)
rPois   +          Reflect  .   (helmet currently unavailable)
rElec   +          Harm     .   (cloak currently unavailable)
rCorr   .          Rampage  .   (gloves currently unavailable)
Will    +....      NoTele   +   (boots currently unavailable)
Stlth   +.........              (no amulet)
HPRegen 0.25/turn               f - ring of magical power
MPRegen 0.20/turn               d - +6 ring of dexterity

@: lethally poisoned (0 -> -11), tree-form, glowing, invisible (but backlit and
visible)
A: stationary, stasis, torment immunity, boosted hp, sense surroundings 2,
otherworldly, glowing, explore regen
a: Renounce Religion


You were on level 7 of the Dungeon.
You worshipped Vehumet.
Vehumet was noncommittal.
You were a tree.
You visited 2 branches of the dungeon, and saw 8 of its levels.

You collected 187 gold pieces.

Inventory:

Hand Weapons
 m - the +11 falchion "Caifock" (weapon) {freeze, *Slow rElec rC+}
   (You found it on level 5 of the Dungeon)

   It freezes those it strikes, dealing additional cold damage.
   It can also slow down cold-blooded creatures.
   rC:        It protects you from cold.
   rElec:     It insulates you from electricity.
   *Slow:     It may slow you when you take damage.
Armour
 n - a +0 robe of cold resistance (melded)
Jewellery
 d - a +6 ring of dexterity (right branch)
 f - a ring of magical power (left branch)
Wands
 o - a wand of digging (8)
Scrolls
 c - 3 scrolls of amnesia
 e - 3 scrolls of enchant weapon {unknown}
 g - a scroll of magic mapping
 k - a scroll of enchant armour {unknown}
 l - a scroll of butterflies {unknown}
 p - a scroll of identify {unknown}
Potions
 a - 2 potions of curing {unknown}
 b - a potion of magic
 i - a potion of might
 q - a potion of heal wounds
 r - a potion of brilliance {unknown}


   Skills:
 - Level 0.2 Fighting
 - Level 3.4 Long Blades
 - Level 3.4 Dodging
 - Level 1.4 Stealth
 - Level 5.1 Spellcasting
 - Level 6.0 Conjurations
 + Level 7.6 Necromancy
 - Level 6.0 Fire Magic
 + Level 4.1 Earth Magic


You had 6 spell levels left.
You knew the following spells:

 Your Spells              Type           Power      Damage    Failure   Level
a - Foxfire               Conj/Fire      100%       2x1d9     1%          1
b - Scorch                Fire           58%        2d7       1%          2
c - Flame Wave            Conj/Fire      29%        2d9       10%         4
d - Borgnjor's Vile Clut  Necr/Erth      14%        N/A       28%         5

Your spell library contained the following spells:

 Spells                   Type           Power      Damage    Failure   Level
 Conjure Flame            Conj/Fire      29%        6-21      2%          3
 Animate Dead             Necr           35%        N/A       4%          4
 Inner Flame              Hex/Fire       17%        N/A       10%         3
 Death Channel            Necr           17%        N/A       58%         6


Dungeon Overview and Level Annotations

Branches:
Dungeon (7/15) Zot: 2436   Temple (1/1) D:6 Zot: 583

Altars:
Ashenzari
Cheibriados
Dithmenos
Elyvilon
Fedhas
Gozag
Hepliaklqana
Kikubaaqudgha
Makhleb
Okawaru
Ru
Sif Muna
Trog
Uskayaw
Vehumet
Wu Jian
Xom
Yredelemnul
The Shining One


Innate Abilities, Weirdness & Mutations

You are a tree.
Your roots penetrate the ground, keeping you stationary.
You cannot be teleported.
You are immune to unholy pain and torment.
Your maximum health is greatly increased.
Your equipment is partially melded.
You passively map the area around you.
You are easily found by Zot.
You glow in the dark.
You regain HP and MP as you explore.


Message History

You feel less resistant to cold.
Your roots penetrate the ground.
You feel sick.
The kobold brigand hits you but does no damage.
The gnoll hits you but does no damage.
The gnoll sergeant hits you but does no damage.
You are lethally poisoned!
It was a potion of heal wounds.
You feel much better.
You feel a little less mighty now.
You feel sick.
The kobold brigand hits you but does no damage.
The gnoll hits you with a +0 club.
* * * LOW HITPOINT WARNING * * *
The gnoll sergeant hits you but does no damage.
Casting: Flame Wave (dangerous; 10% risk of failure)
Confirm with . or Enter, or press ? or * to list all spells.
Casting: Flame Wave (dangerous; 10% risk of failure)
Press: ? - help, Dir - look around, f - activate A wave of flame ripples out!
The flame wave engulfs the gnoll!
You kill the gnoll!
Vehumet accepts your kill.
The flame wave engulfs the kobold brigand!
You kill the kobold brigand!
Vehumet accepts your kill. (Press . to intensify the flame waves.)
You feel sick.
The gnoll sergeant hits you from afar with a +5 trident of venom.
* * * LOW HITPOINT WARNING * * *
You are lethally poisoned!
A wave of flame ripples out!
The flame wave engulfs the gnoll sergeant!
The gnoll sergeant is almost dead.
* * * LOW HITPOINT WARNING * * *
You feel very sick.
The gnoll sergeant hits you from afar with a +5 trident of venom.
* * * LOW HITPOINT WARNING * * *
A wave of flame ripples out!
The flame wave engulfs the gnoll sergeant.
The gnoll sergeant is almost dead.
You finish channelling waves of flame.
You die...

~..)..# #.# #..##.#***,,,,,,,,,,
~#.##)# #.# #..##.####,,,,,,,,,,
~#.##)#*#.####...:....#,,,,,,,,,,
~,,,...,..............#,,,,,,,,,,
~,,,...,..............#,,,,,,,,,,
,,,.......####...#.####,,,,,,,,,,
,,,..###*** ##.......#*,,,,,,,,,,
**...**** #<.).....#*,,,,,,,,,,
**,,,,,,****##.)♣....#*,,,,,,,,,,
*,,,,,,,.....))))...#*,,,,,,,,,,
*,,,,,,,....)g......#*,,,,,,,,,,
**,,,,,,,............#***,,,,,,,,
,,,,,,,,,............# *,**,*,**
,,,,,,,,,............# *,**,,,,,
,,,,,,,,,............# *,****,**
****,,,,,........#####***,**,,,,*
*****,,,,,,,,,* *,,,,,,,,,*


You could see a gnoll sergeant.

Vanquished Creatures
  Sigmund (D:3)
  A swamp worm (D:7)
  An ice beast (D:6)
  An orc warrior (D:6)
  A sky beast (D:6)
  A kobold brigand (D:7)
  2 scorpions
  3 bullfrogs (D:6)
  9 wights
  3 hounds
  3 jellies
  5 iguanas
  2 orc wizards (D:6)
  4 gnolls (D:7)
  5 adders
  A shadow imp (D:7)
  A white imp (D:6)
  An ufetubus (D:5)
  2 worms (D:5)
  2 dart slugs (D:4)
  5 orcs
  2 endoplasms
  A goblin (D:3)
  2 hobgoblins (D:4)
  4 quokkas
  2 ball pythons (D:1)
  5 kobolds
70 creatures vanquished.

Vanquished Creatures (others)
  154 foxfires
  2 plants (D:7)
156 creatures vanquished.

Grand Total: 226 creatures vanquished

Notes
Turn   | Place    | Note
-------+----------+-------------------------------------------
     0 | D:1      | hawla the Meteoran Fire Elementalist began the quest for
                  | the Orb.
     0 | D:1      | Reached XP level 1. HP: 14/14 MP: 5/5
    44 | D:1      | Reached XP level 2. HP: 16/20 MP: 3/6
    88 | D:3      | Reached XP level 3. HP: 23/26 MP: 6/8
    91 | D:3      | Learned a level 2 spell: Scorch
    93 | D:3      | Noticed Sigmund
   101 | D:3      | Killed Sigmund
   102 | D:3      | Reached skill level 5 in Fire Magic
   102 | D:3      | Reached XP level 4. HP: 15/33 MP: 1/11
   102 | D:3      | Reached XP level 5. HP: 17/38 MP: 1/12
   102 | D:3      | Reached XP level 6. HP: 20/45 MP: 1/13
   107 | D:3      | Learned a level 4 spell: Flame Wave
   271 | D:4      | Identified the +1 scale mail of Lust {rN+ Stlth+}
   672 | D:4      | Reached skill level 5 in Conjurations
   672 | D:4      | Reached XP level 7. HP: 27/50 MP: 14/14
   987 | D:5      | Entered Level 5 of the Dungeon
  1055 | D:5      | Reached skill level 5 in Spellcasting
  1055 | D:5      | Reached XP level 8. HP: 32/57 MP: 16/16
  1061 | D:5      | Learned a level 5 spell: Borgnjor's Vile Clutch
  1113 | D:5      | Identified the +11 falchion "Caifock" {freeze, *Slow rElec
                  | rC+}
  1170 | D:5      | Reached skill level 1 in Long Blades
  1247 | D:5      | Found an ancient bone altar of Kikubaaqudgha.
  1250 | D:5      | Found a white marble altar of Elyvilon.
  1499 | D:6      | Reached skill level 2 in Necromancy
  1507 | D:6      | Reached skill level 3 in Necromancy
  1525 | D:6      | Gained mutation: You passively map the area around you.
                  | [Meteoran growth]
  1525 | D:6      | Reached XP level 9. HP: 36/62 MP: 4/17
  1563 | D:6      | Reached skill level 4 in Necromancy
  1613 | D:6      | Found a staircase to the Ecumenical Temple.
  1625 | D:6      | Reached skill level 5 in Necromancy
  1626 | Temple   | Entered the Ecumenical Temple
  1636 | Temple   | Became a worshipper of Vehumet
  1725 | D:7      | Reached skill level 6 in Necromancy
  1742 | D:7      | HP: 4/93 [swamp worm/harpoon shot (8)]
  1744 | D:7      | Reached skill level 7 in Necromancy
  1775 | D:7      | HP: 3/62 [kobold brigand/+0 whip (6)]
  1780 | D:7      | Succumbed to a gnoll sergeant's poison

Illustrated notes

Levels and vault maps discovered:
D:1:      dpeg_arrival_boxorama, layout_basic, minmay_pentomino_o2
D:2:      layout_loops_ring, minmay_distorted
D:3:      layout_basic, gammafunk_ghost_grave, uniq_sigmund
D:4:      layout_basic
D:5:      layout_cave_pools, nicolae_overflow_squiral, serial_glass,
          glass_columns_a, glass_columns_a, glass_columns_b
D:6:      layout_cave_pools, gammafunk_temple_overflow_wave,
          minmay_temple_entry_grid, hangedman_decor_diamond_cutter
D:7:      layout_basic, lightli_ossuary_entry_decrepit_ruins, serial_shops,
          nicolae_shop_window_shopping, worms_lemuel, uniq_crazy_yiuf_cottage
Temple:   sentei_temple_godly_chess

Skill      XL: |  1  2  3  4  5  6  7  8  9 |
---------------+----------------------------+-----
Spellcasting   | 3 4 5 |  5.1
Fire Magic     | 4 5 6 |  6.0
Dodging        | 3 |  3.4
Conjurations   | 2 5 6 |  6.0
Long Blades    | 3 |  3.4
Necromancy     | 3 7 |  7.6
Earth Magic    | 4 |  4.1
Fighting       | |  0.2
Stealth        | |  1.4

Action                   |  1- 3 |  4- 6 |  7- 9 || total
-------------------------+-------+-------+-------++-------
Melee: Unarmed           |     2 |     3 |       ||     5
       Falchion          |       |       |    13 ||    13
 Cast: Foxfire           |    13 |    23 |    59 ||    95
       Scorch            |     2 |    10 |    20 ||    32
       Flame Wave        |       |       |    10 ||    10
  Use: Scroll            |       |     4 |     1 ||     5
       Potion            |       |       |     5 ||     5
Armor: Robe              |       |     2 |     2 ||     4
       Skin              |       |       |     9 ||     9
Dodge: Dodged            |     2 |     6 |    29 ||    37
